 Dungeon Crawl Stone Soup version 0.29.1-15-g9cfb28693d (webtiles) character file.

Game seed: 8813101580352779824

43 tkbsonic5 the Trooper (level 3, -7/29 HPs)
             Began as a Mummy Monk on Apr 19, 2023.
             Killed from afar by Ijyb (8 damage)
             ... with a bolt of light
             ... on level 3 of the Dungeon.
             The game lasted 00:07:01 (1849 turns).

tkbsonic5 the Trooper (Mummy Monk)                  Turns: 1849, Time: 00:07:02

Health: -7/29      AC: 10    Str: 16    XL:     3   Next: 37%
Magic:  3/3        EV:  7    Int:  9    God:
Gold:   124        SH:  0    Dex: 14    Spells: 2/2 levels left

rFire   x . .      SeeInvis .     - Unarmed
rCold   + + .      Faith    .   (no shield)
rNeg    + + +      Spirit   .   e - +2 chain mail {rC+}
rPois   ∞          Reflect  .   (no helmet)
rElec   .          Harm     .   (no cloak)
rCorr   .          Rampage  .   (no gloves)
Will    .....                   (no boots)
Stlth   ..........              (no amulet)
HPRegen 0.09/turn               (no ring)
MPRegen 0.08/turn               (no ring)

@: confused
A: cold resistance 1, negative energy resistance 3, torment resistance 2, heat
vulnerability 1, in touch with death 1, no potions
a: no special abilities


You were on level 3 of the Dungeon.
You visited 1 branch of the dungeon, and saw 3 of its levels.

You collected 124 gold pieces.

Inventory:

Missiles
 b - 2 boomerangs (quivered)
 i - 2 boomerangs of dispersal
Armour
 a - a +0 robe
 e - a +2 chain mail of cold resistance (worn)
 l - the +2 robe "Gemooh" {Drain Will+ Int+2}
   (You found it on level 3 of the Dungeon)

   Int:       It affects your intelligence (+2).
   Drain:     It drains your maximum health when unequipped.
   Will:      It increases your willpower.
Jewellery
 h - an amulet of guardian spirit
Scrolls
 c - a scroll of poison
 d - a scroll of teleportation
 f - a scroll of identify
 g - a scroll of amnesia {unknown}
 j - a scroll of blinking {unknown}
 k - a scroll of magic mapping


   Skills:
 * Level 3.5 Fighting
 + Level 0.6 Throwing
 * Level 1.0 Armour
 - Level 2.4 Dodging
 - Level 1.5 Stealth
 * Level 2.9 Unarmed Combat


You had 2 spell levels left.
You didn't know any spells.
Your spell library contained the following spells:

 Spells                   Type           Power      Damage    Failure   Level
 Alistair's Intoxication  Tmut/Pois      0%         N/A       100%        5
 Borgnjor's Vile Clutch   Necr/Erth      0%         N/A       100%        5
 Eringya's Noxious Bog    Tmut/Pois      0%         N/A       100%        6


Dungeon Overview and Level Annotations

Branches:
Dungeon (3/15)

Altars:
Hepliaklqana

Shops:
D:3 [

Annotations:
D:3 Ijyb


Innate Abilities, Weirdness & Mutations

You are immune to poison.
Your flesh is cold resistant. (rC+)
You are immune to negative energy. (rN+++)
You are immune to unholy pain and torment.
You are vulnerable to heat. (rF-)
You are in touch with the powers of death.
You do not drink.


Message History

l - the +2 robe "Gemooh" {Drain Will+ Int+2}
There is a glowing silver altar of Zin here.
There is an open door here.
Found a ring mail.
There is an open door here.
Found a robe.
Ijyb the Twisted Goblin comes into view.
She is wielding a +0 dagger and carrying a wand of light (8).
Ijyb shouts!
You throw a boomerang. The boomerang closely misses Ijyb.
You throw a boomerang. The boomerang closely misses Ijyb.
You throw a boomerang.
The boomerang hits Ijyb but does no damage.
You throw a boomerang. The boomerang closely misses Ijyb.
Ijyb zaps a wand.
The bolt of light hits you!
You are confused.
An orc comes into view. It is wielding a +0 flail.
You are too confused!
Unknown command.
You are too confused!
You can't drink.
Unknown command.
There is an open door here.
You bump into the rock wall.
You feel less confused.
The orc shouts!
You hit Ijyb.
Ijyb is lightly wounded.
Ijyb zaps a wand.
The bolt of light hits you!
* * * LOW HITPOINT WARNING * * *
You barely miss Ijyb.
Ijyb is lightly wounded.
Ijyb hits you with a +0 dagger.
* * * LOW HITPOINT WARNING * * *
You hit Ijyb but do no damage.
As you read the scroll labelled NYHIAM JETUL, it crumbles to dust.
It is a scroll of identify.
k - a scroll of magic mapping Ijyb zaps a wand.
The bolt of light hits you!
You are confused.
You die...

#. ....# ##.### ....# #####
..... ....# #...#####
.####...# #...# #.....#..
........# #...# #[..#....
....[...# #...# #<...#)
........###...# ##.#.#.
.....o...g@...+ ######...
.[......###...# #....####
........# #...# #._.#....
..o..##.###...#####...#.###
...............#..#####.#..
..## ##.######.#.#.# #....#
. #.# #...#.# ###... #.#
##..#.# #...#. #....#
#.###†


You could see Ijyb and an orc.

Vanquished Creatures
  2 adders (D:2)
  A worm (D:3)
  A bat (D:3)
  3 endoplasms
  A giant cockroach (D:2)
  3 goblins
  3 hobgoblins
  2 ball pythons (D:2)
  2 kobolds
  5 rats
23 creatures vanquished.

Notes
Turn   | Place    | Note
-------+----------+-------------------------------------------
     0 | D:1      | tkbsonic5 the Mummy Monk began the quest for the Orb.
     0 | D:1      | Reached XP level 1. HP: 18/18 MP: 1/1
   423 | D:1      | Found a faded altar of an unknown god.
   801 | D:2      | Reached XP level 2. HP: 24/24 MP: 2/2
  1074 | D:2      | Gained mutation: You are in touch with the powers of death.
                  | [Mummy growth]
  1074 | D:2      | Reached XP level 3. HP: 22/29 MP: 3/3
  1667 | D:3      | Reached skill level 1 in Armour
  1713 | D:3      | Found Ahaamn's Antique Armour Boutique.
  1778 | D:3      | Identified the +2 robe "Gemooh" {Drain Will+ Int+2}
  1787 | D:3      | Found a hazy altar of Hepliaklqana.
  1837 | D:3      | Noticed Ijyb
  1847 | D:3      | HP: 1/29 [Ijyb/+0 dagger (4)]
  1849 | D:3      | Killed from afar by Ijyb

Illustrated notes

Levels and vault maps discovered:
D:1:      saegor_arrival_simple_e, layout_rooms,
          shapermc_ecumenical_altar_ellora, roderic_serpentine_path
D:2:      layout_loops_corners, serial_glass, glass_columns_a, glass_columns_b,
          hangedman_glass_teeth, minmay_misc_feat_pillars, grunt_decor_cap,
          grunt_decor_arrowhead, kennysheep_generic_room_7
D:3:      layout_basic, mainiacjoe_overflow_swirl, serial_shops, shop, uniq_ijyb

Skill      XL: |  1  2  3 |
---------------+----------+-----
Armour         | 1 |  1.0
Fighting       | |  3.5
Throwing       | |  0.6
Dodging        | |  2.4
Stealth        | |  1.5
Unarmed Combat | |  2.9

Action                   || total
-------------------------++-------
Melee: Unarmed           ||    60
       Punch             ||     2
Throw: Boomerang         ||    37
  Use: Scroll            ||     3
 Stab: Sleeping          ||     1
Armor: Chain mail        ||    27
Dodge: Dodged            ||    15
